AoeStats
← 帅气的俊哥

Arena

510734706Analyzed
4v4 RM · 16h ago on Oct 2, 2026· 39m 29s· 8 players
Game mode
Random Map
Map size
Large (8 player)
Population
200
Speed
Normal
Resources
Standard
Victory
Conquest
Starting age
Dark Age
Ending age
Imperial Age
RankedLock teamsTeams togetherTeam positionsShared explorationLock speedFull tech treeHidden civsTurbo modeCheats
Victory
Defeat
🇨🇳 Wu · China
1596
+15
🇮🇳 Japanese · India
1547
+17
🇨🇳 Celts · China
1475
+20
🇨🇳 Maya · China
1341
+24
🇨🇳 Turks · China
1645
-22
🇨🇳 Dravidians · China
1535
-18
🇬🇧 Tupi · United Kingdom
1529
-18
1518
-18
丙酮酸嗦话梅
10:04 Feudal Age
10:37 Loom
11:07 Double-Bit Axe
14:09 Castle Age
12:28 Horse Collar
14:31 Gold Mining
15:45 Bow Saw
18:25 Town Watch
24:34 Wheelbarrow
26:15 Stone Mining
28:03 Hand Cart
32:42 Imperial Age
30:45 Crossbowman
31:29 Fletching
31:55 Heavy Plow
32:22 Bodkin Arrow
33:03 Ballistics
32:54 Arbalester
33:40 Bracer
36:12 Chemistry
36:00 Padded Archer Armor
36:51 Thumb Ring
JN-
10:49 Feudal Age
14:27 Castle Age
12:17 Double-Bit Axe
12:39 Horse Collar
15:21 Bow Saw
16:28 Heavy Plow
17:46 Gold Mining
18:37 Fletching
19:16 Bodkin Arrow
20:05 Padded Archer Armor
21:53 Ballistics
26:51 Wheelbarrow
26:03 Loom
26:55 Leather Archer Armor
28:08 Hand Cart
30:22 Scale Mail Armor
30:32 Forging
33:58 Imperial Age
32:13 Chain Mail Armor
33:00 Squires
32:21 Champi Runner
33:38 Iron Casting
33:50 Champi Warrior
34:47 Bracer
35:48 Chemistry
35:10 Conscription
35:40 Plate Mail Armor
35:08 Elite Champi Warrior
36:47 Ring Archer Armor
36:20 Elite Blackwood Archer
38:20 Gold Shaft Mining
微变等效电路法
9:49 Feudal Age
14:20 Castle Age
13:49 Double-Bit Axe
17:31 Loom
22:12 Bow Saw
22:29 Horse Collar
24:08 Wheelbarrow
23:45 Gold Mining
24:02 Heavy Plow
26:09 Hand Cart
29:41 Imperial Age
29:34 Husbandry
29:32 Stone Mining
30:18 Gold Shaft Mining
30:58 Stone Shaft Mining
31:07 Stone Shaft Mining
32:47 Scale Barding Armor
32:53 Forging
35:36 Conscription
35:45 Chain Barding Armor
36:00 Iron Casting
35:31 Elite Cataphract
36:59 Murder Holes
37:30 Arrowslits
帅气的俊哥
12:22 Feudal Age
16:01 Castle Age
14:00 Double-Bit Axe
14:06 Horse Collar
14:57 Gold Mining
20:10 Loom
24:19 Imperial Age
23:37 Fletching
26:21 Bow Saw
34:40 Padded Archer Armor
34:35 Bodkin Arrow
给你一棒槌
10:25 Feudal Age
11:43 Double-Bit Axe
14:01 Castle Age
12:31 Horse Collar
14:59 Bow Saw
16:56 Scale Mail Armor
17:44 Squires
18:29 Chain Mail Armor
18:05 Arson
24:32 Ballistics
28:21 Loom
39:16 Wheelbarrow
38:47 Heavy Plow
肥肠拌面
10:48 Feudal Age
12:13 Double-Bit Axe
12:09 Horse Collar
14:36 Castle Age
17:40 Loom
28:01 Fletching
31:54 Gold Mining
32:28 Bow Saw
36:21 Imperial Age
34:14 Bodkin Arrow
34:21 Padded Archer Armor
37:03 Leather Archer Armor
37:29 Wheelbarrow
37:10 Hul'che Javelineers
38:54 Hand Cart
38:25 Town Watch
39:36 Bracer
40:06 Ring Archer Armor
40:49 Two-Man Saw
39:13 Elite Skirmisher
小弱鸡
9:37 Feudal Age
13:35 Castle Age
12:07 Double-Bit Axe
12:20 Horse Collar
14:34 Bow Saw
20:38 Wheelbarrow
27:23 Imperial Age
24:40 Loom
24:41 Town Watch
25:50 Hand Cart
25:56 Gold Mining
25:57 Stone Mining
26:37 Scale Mail Armor
26:57 Arson
26:59 Gambesons
28:05 Chain Mail Armor
28:00 Forging
28:42 Conscription
28:52 Furor Celtica
29:15 Ballistics
29:56 Chemistry
30:06 Plate Mail Armor
29:20 Capped Ram
30:23 Siege Ram
32:59 Heavy Scorpion
35:53 Gold Shaft Mining
35:54 Stone Shaft Mining
35:17 Murder Holes
35:32 Masonry
36:32 Hoardings
35:48 Stronghold
36:55 Iron Casting
36:45 Elite Woad Raider
38:25 Coinage
38:47 Siege Engineers
38:53 Fortified Wall
40:09 Blast Furnace
39:00 Fletching
39:45 Arrowslits
39:50 Guard Tower
RyuZaKi
10:47 Feudal Age
14:25 Castle Age
12:19 Double-Bit Axe
12:41 Horse Collar
13:18 Loom
15:40 Bow Saw
15:30 Heavy Plow
24:58 Wheelbarrow
24:40 Town Watch
28:13 Imperial Age
25:43 Gold Mining
26:31 Scale Mail Armor
26:23 Fletching
26:52 Hand Cart
27:05 Squires
26:51 Arson
27:52 Chain Mail Armor
28:07 Forging
28:20 Devotion
30:06 Conscription
30:29 Plate Mail Armor
30:46 Iron Casting
30:47 Coinage
30:10 Fletching
30:07 Arrowslits
30:45 Ballistics
31:39 Gold Shaft Mining
30:54 Stone Mining
32:06 Two-Man Saw
31:20 Yasama
32:27 Chemistry
31:51 Guard Tower
31:44 Elite Samurai
32:35 Arrowslits
35:27 Keep
34:35 Treadmill Crane
36:29 Blast Furnace
35:33 Bodkin Arrow
35:37 Murder Holes
37:00 Kataparuto
38:20 Banking
38:29 Bracer
38:42 Masonry
Connection lost

Rejoining the realm…

Still unreachable

The connection could not be restored.

Session expired

The server has moved on; the page needs a fresh start.